Workbook

Sheet 投标报价
A1: 2022年白云区供销总公司物业消防设备 维护保养项目
A2: 投 标 总 价
A3: 项 目 名 称： | B3: =A1 -> 2022年白云区供销总公司物业消防设备 维护保养项目
A4: 投 标 总 价： | B4: （小写）： | C4: =#REF! -> #REF!
B5: （大写）： | C5: =C4 -> #REF!
A6: 投 标 人：
B7: (单位盖章)
A8: 法定代表人 或其授权人：
B9: (签字或盖章)
A10: 编 制 人：
B11: （造价人员签字盖专用章）
A12: 编 制 时 间：

Sheet 投标报价汇总表
A1: 工程量清单报价汇总表
A2: 项目名称：2023年度物业消防设施设备维护保养项目
A3: 序号 | B3: 项目名称 | C3: 计量单位 | D3: 数量 | E3: 预算单价（元） | F3: 预算合价（元） | G3: 备注
A4: =ROW()-3 -> 1 | B4: =清单与计价表!B4 -> 青龙坊 | C4: 项 | D4: 1 | E4: =清单与计价表!J4 -> 0 | F4: =D4*E4 -> 0
A5: =ROW()-3 -> 2 | B5: =清单与计价表!B9 -> 石井沙贝茶楼药批中心店 | C5: 项 | D5: 1 | E5: =清单与计价表!J9 -> 0 | F5: =D5*E5 -> 0
A6: =ROW()-3 -> 3 | B6: =清单与计价表!B11 -> 石井沙贝副食店药店百货店 | C6: 项 | D6: 1 | E6: =清单与计价表!J11 -> 0 | F6: =D6*E6 -> 0
A7: =ROW()-3 -> 4 | B7: =清单与计价表!B13 -> 爱国东路80号之一（现社区大楼） | C7: 项 | D7: 1 | E7: =清单与计价表!J13 -> 0 | F7: =D7*E7 -> 0
A8: =ROW()-3 -> 5 | B8: =清单与计价表!B16 -> 新和厂房 | C8: 项 | D8: 1 | E8: =清单与计价表!J16 -> 0 | F8: =D8*E8 -> 0
A9: =ROW()-3 -> 6 | B9: =清单与计价表!B19 -> 人和旧办公室 | C9: 项 | D9: 1 | E9: =清单与计价表!J19 -> 0 | F9: =D9*E9 -> 0
A10: =ROW()-3 -> 7 | B10: =清单与计价表!B26 -> 太和社办公室 | C10: 项 | D10: 1 | E10: =清单与计价表!J26 -> 0 | F10: =D10*E10 -> 0
A11: =ROW()-3 -> 8 | B11: =清单与计价表!B28 -> 太和购物中心 | C11: 项 | D11: 1 | E11: =清单与计价表!J28 -> 0 | F11: =D11*E11 -> 0
A12: =ROW()-3 -> 9 | B12: =清单与计价表!B31 -> 竹料商场 | C12: 项 | D12: 1 | E12: =清单与计价表!J31 -> 0 | F12: =D12*E12 -> 0
A13: =ROW()-3 -> 10 | B13: 竹料中和厂房 | C13: 项 | D13: 1 | E13: =清单与计价表!J36 -> 0 | F13: =D13*E13 -> 0
A14: =ROW()-3 -> 11 | B14: =清单与计价表!B38 -> 竹料茶楼 | C14: 项 | D14: 1 | E14: =清单与计价表!J38 -> 0 | F14: =D14*E14 -> 0
A15: =ROW()-3 -> 12 | B15: =清单与计价表!B45 -> 江村综合商场 | C15: 项 | D15: 1 | E15: =清单与计价表!J45 -> 0 | F15: =D15*E15 -> 0
A16: =ROW()-3 -> 13 | B16: =清单与计价表!B51 -> 石井槎头商铺 | C16: 项 | D16: 1 | E16: =清单与计价表!J51 -> 0 | F16: =D16*E16 -> 0
A17: =ROW()-3 -> 14 | B17: =清单与计价表!B58 -> 马务联和楼 | C17: 项 | D17: 1 | E17: =清单与计价表!J58 -> 0 | F17: =D17*E17 -> 0
A18: =ROW()-3 -> 15 | B18: =清单与计价表!B60 -> 太和生产资料 | C18: 项 | D18: 1 | E18: =清单与计价表!J60 -> 0 | F18: =D18*E18 -> 0
A19: =ROW()-3 -> 16 | B19: =清单与计价表!B67 -> 竹料华之轩 | C19: 项 | D19: 1 | E19: =清单与计价表!J67 -> 0 | F19: =D19*E19 -> 0
A20: =ROW()-3 -> 17 | B20: =清单与计价表!B73 -> 红卫场 | C20: 项 | D20: 1 | E20: =清单与计价表!J73 -> 0 | F20: =D20*E20 -> 0
A21: =ROW()-3 -> 18 | B21: =清单与计价表!B75 -> 海城酒家（原三元里百货店） | C21: 项 | D21: 1 | E21: =清单与计价表!J75 -> 0 | F21: =D21*E21 -> 0
A22: =ROW()-3 -> 19 | B22: 嘉禾丰兴商业广场 | C22: 项 | D22: 1 | E22: =清单与计价表!J78 -> 0 | F22: =D22*E22 -> 0
A23: =ROW()-3 -> 20 | B23: 和溢商场 | C23: 项 | D23: 1 | E23: =清单与计价表!J85 -> 0 | F23: =D23*E23 -> 0
B24: 小计 | F24: =SUM(F4:F23) -> 0
B25: 税金(6%) | F25: =F24*6% -> 0
B26: 合计 | F26: =F24+F25 -> 0

Sheet 清单与计价表
A1: 消防设施设备维护保养项目清单与计价表
A2: 项目名称：2023年度物业消防设施设备维护保养项目
A3: 序号 | B3: 项目名称 | C3: 项目地址 | D3: 系统名称 | E3: 主要设备 | F3: 现有主要设备参数 | G3: 单位 | H3: 数量 | I3: 建筑面积（m2） | J3: 预算金额 （元）
A4: 1 | B4: 青龙坊 | C4: 越秀区青龙坊3，5，9，15号及7号 | D4: 自动报警系统 | E4: 报警控制主机 | F4: 1.名称:火灾报警系统控制主机（联动型） 2.型号:JB-TG-JBF-11S 3.控制点数:200点内 4.包含水灭火、消防广播、烟感、警铃及声光报警等现场的全部系统 | G4: 台 | H4: 1 | I4: 2523.26
D5: 消火栓系统 | E5: 控制柜 | F5: 1.消火栓系统控制柜 | G5: 个 | H5: 1
E6: 喷淋水泵 | F6: 1.名称:XBD立式单级消防泵 2.型号:XBD3.7/24-ISG100-200B 3.电动机功率:15kW 4.流量:26L/s 5.扬程:37m | G6: 台 | H6: 1
E7: 消火栓水泵 | F7: 1.名称:XBD立式单级消防泵 2.型号:XBD3.7/24-ISG100-200B 3.电动机功率:15kW 4.流量:26L/s 5.扬程:37m | G7: 台 | H7: 1
E8: 消火栓稳压泵 | F8: 1.名称:XBD立式单级消防泵 2.型号:3/3.5-40-30 3.电动机功率:2.2kW 4.流量:11.4m3/h 5.扬程:30m | G8: 台 | H8: 1
A9: 2 | B9: 石井沙贝茶楼药批中心店 | C9: 白云区石井镇沙贝大街94、96、98号 | D9: 消火栓系统 | E9: 控制柜 | F9: 1.消火栓系统控制柜 | G9: 个 | H9: 1 | I9: 1439.23
E10: 消火栓水泵 | F10: 1.名称:XBD立式单级消防泵 2.型号:XBD1.7/5-GD50-17 3.电动机功率:7.5kW 4.流量:18m3/h 5.扬程:17m | G10: 台 | H10: 2
A11: 3 | B11: 石井沙贝副食店药店百货店 | C11: 白云区石井镇沙贝大街126、128、130号 | D11: 消火栓系统 | E11: 控制柜 | F11: 1.消火栓系统控制柜 | G11: 个 | H11: 1 | I11: 1478.11
E12: 消火栓水泵 | F12: 1.名称:XBD立式单级消防泵 2.型号:XBD1.7/5-GD50-17 3.电动机功率:7.5kW 4.流量:18m3/h 5.扬程:17m | G12: 台 | H12: 2
A13: 4 | B13: 爱国东路80号之一（现社区大楼） | C13: 江高镇爱国东路80号之一 | D13: 消火栓系统 | E13: 控制柜 | F13: 1.消火栓系统控制柜 | G13: 个 | H13: 1 | I13: 1138.09
E14: 消火栓水泵 | F14: 1.名称:XBD立式单级消防泵 2.型号:GD80-40 3.电动机功率:7.5kW 4.流量:42m3/h 5.扬程:40m | G14: 台 | H14: 1
E15: 管道离心泵 | F15: 1.名称:管道离心泵 2.型号:GD100-50 3.电动机功50m3/h 5.扬程:50m | G15: 台 | H15: 1
A16: 5 | B16: 新和厂房 | C16: 白云区钟落潭镇新和西街33号 | D16: 消火栓系统 | E16: 控制柜 | F16: 1.消火栓系统控制柜 | G16: 个 | H16: 1 | I16: 2420.8
E17: 消火栓水泵 | F17: 1.名称:XBD立式多级消防泵 2.型号:4/10-80-40 3.电动机功率:7.5kW 4.流量:42m3/h 5.扬程:40m | G17: 台 | H17: 2
E18: 消火栓稳压泵 | F18: 1.名称:XBD立式多级消防泵 2.型号:XDB3.5/2W-GDL 3.电动机功率:1.5kW 4.流量:2L/s | G18: 台 | H18: 2
A19: 6 | B19: 人和旧办公室 | C19: 人和镇人和墟大街22号 | D19: 自动报警系统 | E19: 报警控制主机 | F19: 1.名称:火灾报警系统控制主机（联动型） 2.型号:JB-TG-JBF-11S 3.控制点数:100点内 4.包含水灭火、消防广播、烟感、警铃、排烟及声光报警等现场的全部系统 | G19: 台 | H19: 2 | I19: 9360.94
D20: 喷淋系统 | E20: 控制柜 | F20: 1.喷淋系统控制柜 | G20: 个 | H20: 1
E21: 喷淋水泵 | F21: 1.名称:XBD立式单级消防泵 2.型号:ISG100-200 3.电动机功率:22kW 4.流量:100m3/h 5.扬程:50m | G21: 台 | H21: 2
E22: 喷淋稳压泵 | F22: 1.名称:25LG立式多级消防泵 2.型号:25LG4-11X 3.电动机功率:2.2kW 4.流量:4m3/h 5.扬程:55m | G22: 台 | H22: 1
D23: 消火栓系统 | E23: 控制柜 | F23: 1.消火栓系统控制柜 | G23: 个 | H23: 1
E24: 消火栓水泵 | F24: 1.名称:XBD立式单级消防泵 2.型号:ISG100-200 3.电动机功率:22kW 4.流量:100m3/h 5.扬程:50m | G24: 台 | H24: 2
E25: 消火栓稳压泵 | F25: 1.名称:25LG立式多级消防泵 2.型号:25LG4-11X 3.电动机功率:2.2kW 4.流量:4m3/h 5.扬程:55m | G25: 台 | H25: 1
A26: 7 | B26: 太和社办公室 | C26: 太和镇大来南路7、9、11、13、15号 | D26: 消火栓系统 | E26: 控制柜 | F26: 1.消火栓系统控制柜 | G26: 个 | H26: 1 | I26: 900.49
E27: 消火栓水泵 | F27: 1.名称:XBD立式单级消防泵 2.型号:XBD1.7/5-GD50-17 3.电动机功率:1.5kW 4.流量:18m3/h 5.扬程:17m | G27: 台 | H27: 1
A28: 8 | B28: 太和购物中心 | C28: 太和镇太和中路134号 | D28: 自动报警系统 | E28: 报警控制主机 | F28: 1.名称:火灾报警系统控制主机（联动型） 2.型号:JB-TG-JBF-11S 3.控制点数:100点内 4.包含水灭火、消防广播、烟感、警铃、排烟及声光报警等现场的全部系统 | G28: 台 | H28: 1 | I28: 1584.59
D29: 消火栓系统 | E29: 控制柜 | F29: 1.消火栓系统控制柜 | G29: 个 | H29: 1
E30: 消火栓水泵 | F30: 1.名称:XBD立式单级消防泵 2.型号:XBD1.7/5-GD50-17 3.电动机功率:1.5kW 4.流量:18m3/h 5.扬程:17m | G30: 台 | H30: 2
A31: 9 | B31: 竹料商场 | C31: 白云区竹料镇竹料大街74号 | D31: 自动报警系统 | E31: 报警控制主机 | F31: 1.名称:火灾报警系统控制主机（联动型） 2.型号:JB-TG-JBF-11S 3.控制点数:100点内 4.包含水灭火、消防广播、烟感、警铃及声光报警等现场的全部系统 | G31: 台 | H31: 1 | I31: 1077
D32: 喷淋系统 | E32: 控制柜 | F32: 1.喷淋系统控制柜 | G32: 个 | H32: 1
E33: 喷淋水泵 | F33: 1.名称:XBD立式单级消防泵 2.型号:XBD3.4/10GL 3.电动机功率:5.5kW 4.流量:42m3/h 5.扬程:30m | G33: 台 | H33: 1
D34: 消火栓系统 | E34: 控制柜 | F34: 1.消火栓系统控制柜 | G34: 个 | H34: 1
E35: 消火栓水泵 | F35: 1.名称:XBD立式单级消防泵 2.型号:XBD1.7/5-GD50-17 3.电动机功率:1.5kW 4.流量:18m3/h 5.扬程:17m | G35: 台 | H35: 1
A36: 10 | B36: 竹料中和厂房 | C36: 竹料镇中和路318,322,324号 | D36: 消火栓系统 | E36: 控制柜 | F36: 1.消火栓系统控制柜 | G36: 个 | H36: 1 | I36: 3956.03
E37: 消火栓水泵 | F37: 1.名称:XBD立式单级消防泵 2.型号:5*7-650-KYL 3.电动机功率:7.5kW 4.流量:7L/s | G37: 台 | H37: 2
A38: 11 | B38: 竹料茶楼 | C38: 白云区竹料镇竹料大街82号 | D38: 自动报警系统 | E38: 报警控制主机 | F38: 1.名称:火灾报警系统控制主机（联动型） 2.型号:JB-TG-JBF-11S 3.控制点数:100点内 4.包含水灭火、消防广播、烟感、警铃及声光报警等现场的全部系统 | G38: 台 | H38: 1 | I38: 6479.2
D39: 喷淋系统 | E39: 控制柜 | F39: 1.喷淋系统控制柜 | G39: 个 | H39: 1
E40: 喷淋水泵 | F40: 1.名称:XBD立式多级消防泵 2.型号:XDB8.0/20G-11 3.电动机功率:30kW 4.流量:20L/s 5.扬程:50m | G40: 台 | H40: 2
E41: 喷淋稳压泵 | F41: 1.名称:XBD立式单级消防泵 2.型号:XDB11.7/30-IS6 3.电动机功率:4kW 4.流量:2L/s | G41: 台 | H41: 1
D42: 消火栓系统 | E42: 控制柜 | F42: 1.消火栓系统控制柜 | G42: 个 | H42: 1
E43: 消火栓水泵 | F43: 1.名称:XBD立式单级消防泵 2.型号:XDB11.7/30-ISG 3.电动机功率:22kW 4.流量:30L/s 5.扬程:50m | G43: 台 | H43: 2
E44: 消火栓稳压泵 | F44: 1.名称:XBD立式单级消防泵 2.型号:XDB11.7/30-IS6 3.电动机功率:4kW 4.流量:2L/s | G44: 台 | H44: 1
A45: 12 | B45: 江村综合商场 | C45: 江高镇江同路149号 | D45: 自动报警系统 | E45: 报警控制主机 | F45: 1.名称:火灾报警系统控制主机（联动型） 2.型号:JB-TG-JBF-11SF 3.控制点数:300点内 4.包含水灭火、消防广播、烟感、警铃及声光报警等现场的全部系统 | G45: 台 | H45: 1 | I45: 4999.36
D46: 喷淋系统 | E46: 控制柜 | F46: 1.喷淋系统控制柜 | G46: 个 | H46: 1
E47: 喷淋水泵 | F47: 1.名称:XBD立式单级消防泵 2.型号:4.2/25-100-200A 3.电动机功率:18.5kW 4.流量:93.5m3/s 5.扬程:44m | G47: 台 | H47: 2
E48: 喷淋稳压泵 | F48: 1.名称:XBD立式单级管道泵 2.型号:7/0.5-25GDL2-12X3 3.电动机功率:1.5kW 4.流量:2m3/h | G48: 台 | H48: 1
D49: 消火栓系统 | E49: 控制柜 | F49: 1.消火栓系统控制柜 | G49: 个 | H49: 1
E50: 消火栓水泵 | F50: 1.名称:IS型单级消防泵 2.型号:80-50-200A 3.电动机功率:11kW 4.流量:46.8m3/s 5.扬程:44m | G50: 台 | H50: 2
A51: 13 | B51: 石井槎头商铺 | C51: 白云区石井镇西槎路槎头大街753-763号 | D51: 自动报警系统 | E51: 报警控制主机 | F51: 1.名称:火灾报警系统控制主机（联动型） 2.型号:JB-TG-JBF-11S 3.控制点数:100点内 4.包含水灭火、消防广播、烟感、警铃及声光报警等现场的全部系统 | G51: 台 | H51: 1 | I51: 6117.67
D52: 喷淋系统 | E52: 控制柜 | F52: 1.喷淋系统控制柜 | G52: 个 | H52: 1
E53: 喷淋水泵 | F53: 1.名称:XBD立式单级消防泵 2.型号:5/15-100-50 3.电动机功率:15kW 4.流量:50m3/h 5.扬程:50m | G53: 台 | H53: 2
E54: 喷淋稳压泵 | F54: 1.名称:XBD立式单级管道泵 2.型号:DB25C-41 3.电动机功率:4kW 4.流量:2m3/h | G54: 台 | H54: 1
D55: 消火栓系统 | E55: 控制柜 | F55: 1.消火栓系统控制柜 | G55: 个 | H55: 1
E56: 消火栓水泵 | F56: 1.名称:XBD立式单级消防泵 2.型号:5.0/10G-80-50 3.电动机功率:11kW 4.流量:42m3/h 5.扬程:50m | G56: 台 | H56: 2
E57: 消火栓稳压泵 | F57: 1.名称:XBD立式单级管道泵 2.型号:DB25C-41 3.电动机功率:4kW 4.流量:2m3/h | G57: 台 | H57: 1
A58: 14 | B58: 马务联和楼 | C58: 马务村联和大街6-8号 | D58: 消火栓系统 | E58: 控制柜 | F58: 1.消火栓系统控制柜 | G58: 个 | H58: 1 | I58: 1375.6
E59: 消火栓水泵 | F59: 1.名称:XBD立式单级消防泵 2.型号:40/10-80-40 3.电动机功率:2.5kW 4.流量:42m3/h 5.扬程:40m | G59: 台 | H59: 2
A60: 15 | B60: 太和生产资料 | C60: 白云区太和镇朝亮中路18、20、22、24、26号 | D60: 自动报警系统 | E60: 报警控制主机 | F60: 1.名称:火灾报警系统控制主机（联动型） 2.型号:JB-TG-JBF-11S 3.控制点数:100点内 4.包含水灭火、消防广播、烟感、警铃及声光报警等现场的全部系统 | G60: 台 | H60: 1 | I60: 6547
D61: 喷淋系统 | E61: 控制柜 | F61: 1.喷淋系统控制柜 | G61: 个 | H61: 1
E62: 喷淋水泵 | F62: 1.名称:XBD立式多级消防泵 2.型号:XBD7.8/20-100DLLX2 3.电动机功率:30kW 4.流量:72m3/h 5.扬程:80m | G62: 台 | H62: 2
E63: 喷淋稳压泵 | F63: 1.名称:XBD立式单级消防泵 2.型号:25L4-1X6 3.电动机功率:1.5kW 4.流量:4m3/h | G63: 台 | H63: 1
D64: 消火栓系统 | E64: 控制柜 | F64: 1.消火栓系统控制柜 | G64: 个 | H64: 1
E65: 消火栓水泵 | F65: 1.名称:XBD立式多级消防泵 2.型号:XBD5.8/20-100DLLX21 3.电动机功率:22kW 4.流量:72m3/h 5.扬程:60m | G65: 台 | H65: 2
E66: 消火栓稳压泵 | F66: 1.名称:XBD立式单级消防泵 2.型号:25L4-1X6 3.电动机功率:1.5kW 4.流量:4m3/h | G66: 台 | H66: 1
A67: 16 | B67: 竹料华之轩 | C67: 白云区竹料镇竹料大街136号 | D67: 自动报警系统 | E67: 报警控制主机 | F67: 1.名称:火灾报警系统控制主机（联动型） 2.型号:JB-TG-JBF-11S 3.控制点数:100点内 4.包含水灭火、消防广播、烟感、警铃及声光报警等现场的全部系统 | G67: 台 | H67: 1 | I67: 6675.06
D68: 喷淋系统 | E68: 控制柜 | F68: 1.喷淋系统控制柜 | G68: 个 | H68: 1
E69: 喷淋水泵 | F69: 1.名称:XBD立式单级消防泵 2.型号:59/12-80-250B 3.电动机功率:15kW 4.流量:43.3m3/h 5.扬程:60m | G69: 台 | H69: 2
E70: 喷淋稳压泵 | F70: 1.名称:XBD立式单级管道泵 2.型号:7/0.5-25GDL2-12X3 3.电动机功率:1.5kW 4.流量:2m3/h | G70: 台 | H70: 1
D71: 消火栓系统 | E71: 控制柜 | F71: 1.消火栓系统控制柜 | G71: 个 | H71: 1
E72: 消火栓水泵 | F72: 1.名称:XBD立式单级消防泵 2.型号:XDB5.0/5G-BD1 3.电动机功率:15kW 4.流量:1.11L/s | G72: 台 | H72: 2
A73: 17 | B73: 红卫场 | C73: 白云区鹤龙三路7号 | D73: 消火栓系统 | E73: 控制柜 | F73: 1.消火栓系统控制柜 | G73: 个 | H73: 1 | I73: 4011.61
E74: 消火栓水泵 | F74: 1.名称:XBD立式单级消防泵 2.型号:XDB4/12-6 3.电动机功率:7.5kW 4.流量:12L/s 5.扬程:40m | G74: 台 | H74: 2
A75: 18 | B75: 海城酒家（原三元里百货店） | C75: 三元里群英大街7号 | D75: 消火栓系统 | E75: 控制柜 | F75: 1.消火栓系统控制柜 | G75: 个 | H75: 1 | I75: 952.24
E76: 喷淋水泵 | F76: 1.名称:XBD立式多级消防泵 2.型号:XDB8.0/20G-11 3.电动机功率:30kW 4.流量:20L/s 5.扬程:50m | G76: 台 | H76: 2
E77: 消火栓水泵 | F77: 1.名称:XBD立式多级消防泵 2.型号:XDB8.0/20G-11 3.电动机功率:15kW 4.流量:20L/s 5.扬程:40m | G77: 台 | H77: 2
A78: 19 | B78: 嘉禾丰兴商业广场 | C78: 广花路西侧加禾墟东街68号,4号,加禾东横街20号,12号 | D78: 自动报警系统 | E78: 报警控制主机 | F78: 1.名称:火灾报警系统控制主机（联动型） 2.型号:JB-TG-JBF-11SF 3.控制点数:300点内 4.包含水灭火、消防广播、烟感、警铃、排烟及声光报警等现场的全部系统 | G78: 台 | H78: 1 | I78: 11879.4
D79: 喷淋系统 | E79: 控制柜 | F79: 1.喷淋系统控制柜 | G79: 个 | H79: 1
E80: 喷淋水泵 | F80: 1.名称:XBD立式多级消防泵 2.型号:XBD7.8/20-100DLLX1 3.电动机功率:30kW 4.流量:108m3/h 5.扬程:80m | G80: 台 | H80: 2
E81: 喷淋稳压泵 | F81: 1.名称:25LG立式多级泵 2.型号:25LG2-12X6 3.电动机功率:1.5kW 4.流量:72m3/h | G81: 台 | H81: 1
D82: 消火栓系统 | E82: 控制柜 | F82: 1.消火栓系统控制柜 | G82: 个 | H82: 1
E83: 消火栓水泵 | F83: 1.名称:XBD立式多级消防泵 2.型号:XBD5.8/20-100DLLX1 3.电动机功率:22kW 4.流量:72m3/h 5.扬程:60m | G83: 台 | H83: 2
E84: 消火栓稳压泵 | F84: 1.名称:25LG立式多级泵 2.型号:25LG2-12X6 3.电动机功率:1.5kW 4.流量:72m3/h | G84: 台 | H84: 1
A85: 20 | B85: 和溢商场 | C85: 白云区人和镇鹤龙六路50、52、54号 | D85: 消火栓系统 | E85: 控制柜 | F85: 1.消火栓系统控制柜 | G85: 个 | H85: 1 | I85: 7445
E86: 喷淋水泵 | F86: 1.名称:XBD立式多级消防泵 2.型号:XDB8.0/20G-11 3.电动机功率:30kW 4.流量:20L/s 5.扬程:50m | G86: 台 | H86: 2
E87: 消火栓水泵 | F87: 1.名称:XBD立式多级消防泵 2.型号:XDB8.0/20G-11 3.电动机功率:15kW 4.流量:20L/s 5.扬程:40m | G87: 台 | H87: 2
A88: 合计 | I88: =SUM(I4:I87) -> 82360.68 | J88: =SUM(J4:J87) -> 0
A89: 说明： 1.以上报价均含人工费、材料费、机械费、管理费、利润及相应的风险； 2.以上报价应包括为按现场设备实际情况及规范要求完成该清单项目所需要的其他附属工作内容所涉及的一切费用。

Sheet 丰兴公司
A1: 序号 | B1: 权属单位 | C1: 项目名称 | D1: 安装地址 | E1: 设备工程项目名称 | F1: 主要设备明细 | G1: 数量 | H1: 设备状况 | N1: 备注
H2: 使用情况 | I2: 聘请维保单位 | J2: 维保期限 | K2: 购置日期 | L2: 厂牌 | M2: 型号
A3: 1 | B3: 新市供销社 | C3: 嘉禾丰兴商业广 | D3: 广花路西侧加禾墟东街68号,4号,加禾东横街20号,12号 | E3: 消防系统 | F3: 消防控制主机 | G3: 1 | H3: 使用 | I3: 有 | K3: 2012.8 | L3: 河北北大青鸟环宇消防设备股份公司 | M3: JB-TG-JBF-11S
F4: 喷淋水泵 | G4: 2 | K4: 2011.3 | L4: 江西新瑞洪泵业有限公司 | M4: Y1811-2
F5: 消火栓水泵 | G5: 2 | K5: 2011.3 | L5: 江西新瑞洪泵业有限公司 | M5: Y2011-2
F6: 喷淋稳压泵 | G6: 1 | K6: 2011.2 | L6: 江西新瑞洪泵业有限公司 | M6: Y90S-1
F7: 消火栓稳压泵 | G7: 1 | K7: 2011.2 | L7: 江西新瑞洪泵业有限公司 | M7: Y90S-1
A8: 2 | B8: 新市供销社 | C8: 萧岗综合楼 | D8: 白云区机场路1322号 | E8: 消防系统 | F8: 稳压泵 | G8: 2 | H8: 使用 | I8: 有
F9: 喷淋泵 | G9: 2
F10: 消防栓水泵 | G10: 2
A11: 3 | B11: 石井供销社 | C11: 石井升平下街3、5、7、9号 | D11: 广州市白云区石井街升平下街3、5、7、9号首、二层 | E11: 消防系统 | F11: 消防控制主机 | G11: 1 | H11: 使用 | I11: 有 | K11: 2012.8 | L11: 上海松江消防设备有限公司 | M11: LD128EII
F12: 喷淋水泵 | G12: 1 | K12: 2010.2 | L12: 江西新瑞洪泵业有限公司 | M12: Y180M-2
F13: 消火栓水泵 | G13: 1 | K13: 2010.2 | L13: 江西新瑞洪泵业有限公司 | M13: Y180M-2
F14: 水泵控制柜 | G14: 1 | K14: 2010.2 | L14: 江西新瑞洪泵业有限公司 | M14: Y180M-2
F15: 喷淋稳压泵 | G15: 1 | K15: 2010.2 | L15: 江西新瑞洪泵业有限公司 | M15: Y90S-2
A16: 4 | B16: 石井供销社 | C16: 石井槎头商铺 | D16: 白云区石井镇西槎路槎头大街753-763号 | E16: 消防系统 | F16: 消防控制主机 | G16: 1 | H16: 使用 | I16: 有 | K16: 2012.8 | L16: 深圳市泰和安科技有限公司 | M16: JB-Q100GZ2L-LA040
F17: 喷淋水泵 | G17: 2 | K17: 2010.2 | L17: 广东佛山市南海罗村恒瀚供水设备电器厂 | M17: HA8-21
F18: 消火栓水泵 | G18: 2 | K18: 2010.1 | L18: 江西新瑞洪泵业有限公司 | M18: 49/15-100-50
F19: 水泵控制柜 | G19: 2 | K19: 2010.1 | L19: 广东佛山市南海罗村恒瀚供水设备电器厂 | M19: Y180M-2
F20: 喷淋稳压泵 | G20: 1 | K20: 2008.7 | L20: 广州瑞洪泵业有限公司 | M20: Y112M-2
A21: 5 | B21: 钟落潭供销社 | C21: 钟落潭购物中心 | D21: 白云区钟落潭镇福龙路65号 | E21: 消防系统 | F21: 消防控制主机 | G21: 1 | H21: 使用 | I21: 有 | K21: 2010.2. | L21: 河北北大青鸟环宇消防设备股份公司 | M21: JB-TG-JBF-11S
F22: 喷淋水泵 | G22: 2 | L22: 江西新瑞洪泵业有限公司 | M22: Y180M-2
F23: 消火栓水泵 | G23: 2 | L23: 江西新瑞洪泵业有限公司 | M23: Y180M-2
F24: 水泵控制柜 | G24: 2 | L24: 江西新瑞洪泵业有限公司 | M24: Y180M-2
F25: 喷淋稳压泵 | G25: 1 | L25: 江西新瑞洪泵业有限公司 | M25: Y90S-2
F26: 消火栓稳压泵 | G26: 1 | L26: 江西新瑞洪泵业有限公司 | M26: Y90S-2
A27: 6 | B27: 江高供销社 | C27: 江村综合商场 | D27: 江高镇江同路149号 | E27: 消防系统 | F27: 消防控制主机 | G27: 1 | H27: 使用 | I27: 有 | K27: 2001.4. | L27: 广州市白云水泵厂 | M27: 80-50-200A
F28: 稳压泵 | G28: 1
F29: 消火栓水泵 | G29: 2
F30: 喷淋水泵 | G30: 2
A31: 7 | B31: 总公司 | C31: 天时大厦 | D31: 人和镇人和大街与鹤龙路交界 | E31: 消防系统 | F31: 消防控制主机 | G31: 1 | H31: 使用 | I31: 有 | K31: 2012.8 | L31: 河北北大青鸟环宇消防设备股份公司 | M31: JB-TG-JBF-11S
F32: 喷淋水泵 | G32: 2 | K32: 2010.2 | L32: 江西新瑞洪泵业有限公司 | M32: Y180M-2
F33: 消火栓水泵 | G33: 2 | K33: 2010.2 | L33: 江西新瑞洪泵业有限公司 | M33: Y180M-2
F34: 水泵控制柜 | G34: 2 | K34: 2010.2 | L34: 江西新瑞洪泵业有限公司 | M34: Y180M-2
F35: 喷淋稳压泵 | G35: 1 | K35: 2010.2 | L35: 江西新瑞洪泵业有限公司 | M35: Y90S-2
F36: 消火栓稳压泵 | G36: 1 | K36: 2010.2 | L36: 江西新瑞洪泵业有限公司 | M36: Y90S-2
A37: 8 | B37: 太和供销社 | C37: 太和生产资料 | D37: 白云区太和镇朝亮中路18、20、22、24、26号 | E37: 消防系统 | F37: 控制主机 | G37: 1 | H37: 使用 | I37: 有 | K37: 2012.8 | L37: 河北北大青鸟环宇消防设备股份公司 | M37: JB-TG-JBF-11S
F38: 喷淋水泵 | G38: 2 | K38: 2012.5 | L38: 江西省瑞丰制泵有限公司 | M38: Y180M-2
F39: 消火栓水泵 | G39: 2 | K39: 2012.5 | L39: 江西省瑞丰制泵有限公司 | M39: Y2001-3
F40: 喷淋稳压泵 | G40: 2 | K40: 2012.5 | L40: 江西省瑞丰制泵有限公司 | M40: Y90S-2

Sheet 丰鑫公司
A1: 序号 | B1: 权属单位 | C1: 项目名称 | D1: 安装地址 | E1: 设备工程项目名称 | F1: 主要设备明细 | G1: 数量 | H1: 设备状况 | N1: 备注
H2: 使用情况 | I2: 聘请维保单位 | J2: 维保期限 | K2: 购置日期 | L2: 厂牌 | M2: 型号
A3: 1 | B3: 丰鑫公司 | C3: 丰鑫花园 | D3: 白云区人和镇106国道人和路段鹤龙六路162号四楼至9楼 | E3: 室内外消火栓灭火系统 | I3: 有 | J3: 2017.4.1.至2017.9.30. | N3: 聘请广东深华消防设备工程股份有限公司广州分公司维保
A5: 2 | B5: 丰鑫公司 | C5: 丰鑫材料城 | D5: 人和镇方华路自编6号 | E5: 室内外消火栓灭火系统 | F5: 消火栓水泵电控柜 | G5: 1 | H5: 使用 | I5: 有 | J5: 2017.4.1.至2017.9.30. | K5: 2011 | L5: 广东基业电器有限公司 | N5: 聘请广东深华消防设备工程股份有限公司广州分公司维保
F6: 消火栓水泵泵体 | G6: 2 | H6: 使用 | K6: 2011 | L6: 万载水泵厂电机分厂 | M6: Y1600M1-2B5

Sheet 淘宝公司
A1: 序号 | B1: 权属单位 | C1: 项目名称 | D1: 安装地址 | E1: 设备工程项目名称 | F1: 主要设备明细 | G1: 数量 | H1: 设备状况 | N1: 备注
H2: 使用情况 | I2: 聘请维保单位 | J2: 维保期限 | K2: 购置日期 | L2: 厂牌 | M2: 型号
A3: 1 | B3: 淘宝公司 | C3: 淘宝公司 | E3: 室内外消火栓灭火系统 | F3: 消火栓水泵电控柜 | G3: 1 | H3: 使用 | I3: 有 | J3: 2017.1.1.至2017.12.31. | N3: 聘请广东深华消防设备工程股份有限公司广州分公司维保
F4: 消火栓水泵泵体 | G4: 2 | H4: 使用 | L4: 上海奥利泵业制造有限公司 | M4: 1880-50-200A
